 Dungeon Sprint DCSS version 0.29.1-2-gbd0b4ee654 (webtiles) character file.

Game seed: 16307438515036430472

1804 Zeld the Severer (level 8, -5/82 HPs)
             Began as a Minotaur Berserker on Oct 23, 2022.
             Was an Elder of Trog.
             Slain by a deep troll (17 damage)
             ... in the Dungeon (Sprint I: "Red Sonja").
             The game lasted 00:01:16 (1546 turns).

Zeld the Severer (Minotaur Berserker)               Turns: 1546, Time: 00:01:17

Health: -5/82      AC:  3    Str: 23    XL:     8   Next: 83%
Magic:  7/7        EV: 15    Int:  4    God:    Trog [****..]
Gold:   400        SH:  0    Dex: 11    Spells: 7/7 levels left

rFire   . . .      SeeInvis .   a - +0 war axe (vorpal)
rCold   . . .      Faith    .   (no shield)
rNeg    . . .      Spirit   .   b - +0 animal skin
rPois   .          Reflect  .   (helmet restricted)
rElec   .          Harm     .   (no cloak)
rCorr   .          Rampage  .   (no gloves)
Will    .....      NoTele   +   (no boots)
Stlth   +.........              (no amulet)
HPRegen 0.23/turn               (no ring)
MPRegen 0.10/turn               (no ring)

@: no status effects
A: horns 2, retaliatory headbutt
a: Renounce Religion, Berserk, Trog's Hand, Brothers in Arms


You were in the Dungeon.
You worshipped Trog.
Trog was greatly pleased with you.
You visited 1 branch You collected 486 gold pieces.
You spent 86 gold pieces at shops.

Inventory:

Hand Weapons
 a - a +0 vorpal war axe (weapon)
Armour
 b - a +0 animal skin (worn)
Wands
 i - a wand of mindburst (11)
Scrolls
 h - a scroll of blinking
Potions
 c - a potion of curing
 d - a potion of heal wounds
 e - a potion of haste
 f - 2 potions of magic
 g - a potion of berserk rage
 j - a potion of mutation {unknown}
 k - a potion of brilliance {unknown}
 l - a potion of degeneration {unknown}


   Skills:
 + Level 11.3 Fighting
 * Level 15.2 Axes
 + Level 11.0 Armour
 + Level 10.1 Dodging


You had 7 spell levels left.
You didn't know any spells.
Your spell library was empty.

Dungeon Overview and Level Annotations

Branches:
Dungeon (1/1)

Altars:
Cheibriados
Dithmenos
Elyvilon
Fedhas
Gozag
Hepliaklqana
Kikubaaqudgha
Makhleb
Nemelex Xobeh
Okawaru
Qazlal
Ru
Sif Muna
Trog
Uskayaw
Vehumet
Wu Jian
Xom
Yredelemnul
Zin
The Shining One
Jiyva
Lugonu

Shops:
D [(


Innate Abilities, Weirdness & Mutations

You have a pair of horns on your head.
You reflexively headbutt those who attack you in melee.


Message History

Your Dodging skill increases to level 10!
Things that are here:
a +1 dagger of distortion; 2 curare-tipped darts
There is an open door here.
You now have 346 gold pieces (gained 27).
You now have 373 gold pieces (gained 27).
You open the door.
There is an open door here.
Found Huxijeank's Antique Armour Boutique.
There is an entrance to Huxijeank's Antique Armour Boutique here.
There is an open door here.
You now have 400 gold pieces (gained 27).
You open the door.
A deep troll comes into view.
The deep troll shouts!
Found 108 gold pieces.
There is an open door here.
You slash the deep troll!
The deep troll is moderately wounded.
The deep troll bites you! The deep troll barely misses you.
The deep troll claws you!
You closely miss the deep troll. You headbutt the deep troll.
The deep troll is moderately wounded.
The deep troll closely misses you. You furiously retaliate!
You headbutt the deep troll. The deep troll misses you.
The deep troll claws you!!
You are too injured to fight recklessly!
You slash the deep troll! You headbutt the deep troll.
The deep troll is severely wounded.
The deep troll completely misses you. The deep troll closely misses you. x2
You barely miss the deep troll. Your headbutt misses the deep troll.
The deep troll is severely wounded.
You hit the deep troll.
The deep troll is almost dead.
The deep troll misses you. The deep troll claws you. The deep troll claws you!!
* * * LOW HITPOINT WARNING * * *
You slash the deep troll!
The deep troll is almost dead.
The deep troll bites you!
You die...

#..#####'#####'#__####...+
#..####..#...#.#### #####
#..#__####..##.#
#..#_____##'#_.+
#⌠⌠#_.∩)..'.)._#
####_..__##_.#'#
#_____###'#[#
############.####+###
#∩........'...@T$.$$+
###++++####..$#######
##.## #+#


You could see a deep troll.

Vanquished Creatures
  Sonja (D)
  2 kobold demonologists (D)
  A slime creature (D)
  Sigmund (D)
  A yak (D)
  A floating eye (D)
  An ogre (D)
  A jelly (D)
  Ijyb (D)
10 creatures vanquished.

Notes
Turn   | Place    | Note
-------+----------+-------------------------------------------
     0 | D        | Zeld the Minotaur Berserker began the quest for the Orb.
     0 | D        | Reached XP level 1. HP: 19/19 MP: 0/0
     1 | D        | Noticed Ijyb
     5 | D        | Killed Ijyb
     6 | D        | Reached skill level 5 in Axes
     6 | D        | Reached XP level 2. HP: 28/28 MP: 1/1
    46 | D        | Noticed an ogre
    51 | D        | Killed an ogre
    52 | D        | Reached skill level 7 in Axes
    52 | D        | Reached skill level 5 in Armour
    52 | D        | Reached XP level 3. HP: 37/37 MP: 2/2
    52 | D        | Reached XP level 4. HP: 44/44 MP: 3/3
   193 | D        | Noticed Sigmund
   197 | D        | Killed Sigmund
   197 | D        | Reached ** piety under Trog
   198 | D        | Reached skill level 10 in Axes
   198 | D        | Reached XP level 5. HP: 52/52 MP: 4/4
   371 | D        | Found an ornate altar of the Wu Jian Council.
   371 | D        | Found a shimmering blue altar of Sif Muna.
   373 | D        | Found a radiant altar of Vehumet.
   376 | D        | Reached XP level 6. HP: 61/61 MP: 5/5
   521 | D        | Found Yhale's Weapon Emporium.
   521 | D        | Found an ancient bone altar of Kikubaaqudgha.
   521 | D        | Found a hazy altar of Hepliaklqana.
   521 | D        | Found a hide-covered altar of Uskayaw.
   521 | D        | Found a basalt altar of Yredelemnul.
   521 | D        | Found an opulent altar of Gozag.
   521 | D        | Found a snail-covered altar of Cheibriados.
   521 | D        | Found a sacrificial altar of Ru.
   521 | D        | Found a shadowy altar of Dithmenos.
   521 | D        | Noticed a yak
   524 | D        | Found a stormy altar of Qazlal.
   524 | D        | Found a blossoming altar of Fedhas.
   524 | D        | Found a bloodstained altar of Trog.
   524 | D        | Found an iron altar of Okawaru.
   524 | D        | Found a glowing golden altar of the Shining One.
   524 | D        | Found a glowing silver altar of Zin.
   524 | D        | Found a white marble altar of Elyvilon.
   532 | D        | Killed a yak
   533 | D        | Reached skill level 11 in Axes
   534 | D        | Found a sparkling altar of Nemelex Xobeh.
   712 | D        | Bought a +0 vorpal war axe for 86 gold pieces
   726 | D        | Found a burning altar of Makhleb.
   726 | D        | Found a viscous altar of Jiyva.
   726 | D        | Found a shimmering altar of Xom.
   726 | D        | Found a corrupted altar of Lugonu.
   726 | D        | Noticed a slime creature
   731 | D        | Killed a slime creature
   732 | D        | Reached skill level 12 in Axes
   732 | D        | Reached XP level 7. HP: 40/70 MP: 6/6
  1060 | D        | Noticed a kobold demonologist
  1060 | D        | Noticed a kobold demonologist
  1061 | D        | Noticed a soul eater
  1062 | D        | Paralysed by a floating eye for 2 turns
  1064 | D        | Reached *** piety under Trog
  1070 | D        | Noticed a red devil
  1075 | D        | Killed a kobold demonologist
  1076 | D        | Reached skill level 10 in Fighting
  1076 | D        | Reached skill level 13 in Axes
  1077 | D        | Killed a kobold demonologist
  1077 | D        | Reached **** piety under Trog
  1078 | D        | Reached skill level 14 in Axes
  1078 | D        | Reached skill level 10 in Armour
  1078 | D        | Reached XP level 8. HP: 9/80 MP: 7/7
  1500 | D        | Noticed Sonja
  1505 | D        | Killed Sonja
  1506 | D        | Reached skill level 15 in Axes
  1506 | D        | Reached skill level 10 in Dodging
  1518 | D        | Found Huxijeank's Antique Armour Boutique.
  1539 | D        | Noticed a deep troll
  1546 | D        | Slain by a deep troll

Illustrated notes

Levels and vault maps discovered:
D:        dungeon_sprint_1 [red_sonja_temple_1, red_sonja_temple_small_1]

Skill      XL: |  1  2  3  4  5  6  7  8 |
---------------+-------------------------+-----
Fighting       | 4 6 7 9 10 11 | 11.3
Axes           | 5 7 10 12 14 15 | 15.2
Armour         | 3 5 7 8 10 11 | 11.0
Dodging        | 3 4 6 8 9 10 | 10.1

Action                   |  1- 3 |  4- 6 |  7- 9 || total
-------------------------+-------+-------+-------++-------
Melee: Hand axe          |     5 |    13 |       ||    18
       Headbutt          |     1 |    10 |     6 ||    17
       War axe           |       |     4 |    20 ||    24
       Punch             |       |     1 |       ||     1
Invok: Berserk           |     2 |     2 |     1 ||     5
Evoke: Wand              |       |       |     5 ||     5
Armor: Animal skin       |       |     1 |     1 ||     2
Dodge: Dodged            |     2 |     8 |    20 ||    30
